[Event "Team 45 45 League T89"]
[Site "Internet Chess Club"]
[Date "2021.07.31"]
[Round "4"]
[White "Packerfan"]
[Black "fhunfi"]
[Result "1/2-1/2"]
[WhiteElo "1809"]
[BlackElo "1803"]
[Opening "English: Sicilian reversed"]
[ECO "A25"]
[Time "10:01:12"]
[TimeControl "2700+45"]

1. c4 e5 2. Nc3 Nc6 3. g3 f5 4. Bg2 Nf6 5. e3 g6 6. Nge2 Bg7 7. O-O O-O 8. b3 d6
9. Bb2 Ne7 10. Rc1 c6 11. d4 e4 12. h4 Qe8 13. Nf4 h6 14. Ba3 Qd8 15. Qd2 g5 16.
hxg5 hxg5 17. Nfe2 Ng6 18. d5 c5 19. Rcd1 b6 20. Bb2 Ne5 21. f4 exf3 22. Bxf3
Nfg4 23. e4 Qf6 24. Kg2 Nxf3 25. Rxf3 Ne5 26. Rff1 {Game drawn by mutual
agreement} 1/2-1/2

[Event "Team 45 45 League T89"]
[Site "Internet Chess Club"]
[Date "2021.07.30"]
[Round "4"]
[White "tacticaltal"]
[Black "Boxermam"]
[Result "1/2-1/2"]
[WhiteElo "1641"]
[BlackElo "1712"]
[Opening "French: Tarrasch, Guimard main line"]
[ECO "C04"]
[Time "19:00:18"]
[TimeControl "2700+45"]

1. e4 e6 2. d4 d5 3. Nd2 Nc6 4. Ngf3 Nf6 5. e5 Nd7 6. c3 f6 7. exf6 Qxf6 8. Qb3
Bd6 9. Bd3 O-O 10. O-O Nb6 11. Qc2 h6 12. Bb5 e5 13. Nxe5 Nxe5 14. dxe5 Qxe5 15.
f4 Qe3+ 16. Kh1 Qc5 17. Bd3 Bg4 18. Nb3 Qc6 19. Nd4 Qd7 20. Bd2 Nc4 21. Bxc4
dxc4 22. Rae1 c5 23. Ne2 Bf5 24. Qd1 Bd3 25. Rf2 Rae8 26. Nc1 Qf5 27. Nxd3 cxd3
28. Qb3+ Qf7 29. c4 Rxe1+ 30. Bxe1 Qe7 31. Bd2 Qe4 32. h3 Bxf4 33. Rxf4 Rxf4 34.
Bxf4 Qxf4 35. Qxd3 Qc1+ 36. Kh2 Qxb2 37. Qd5+ Kh7 {Game drawn by mutual
agreement} 1/2-1/2

[Event "Team 45 45 League T89"]
[Site "Internet Chess Club"]
[Date "2021.08.03"]
[Round "4"]
[White "GrandUnified"]
[Black "Lawkeito"]
[Result "0-1"]
[WhiteElo "1593"]
[BlackElo "1560"]
[Opening "Trompowsky attack (Ruth, Opocenský opening)"]
[ECO "A45"]
[Time "18:35:07"]
[TimeControl "2700+45"]

1. d4 Nf6 2. Bg5 d5 3. Bxf6 exf6 4. e3 Bd6 5. Bd3 Be6 6. Nf3 Nd7 7. O-O O-O 8.
Nbd2 c6 9. Re1 f5 10. c3 Qf6 11. Nf1 g5 12. g3 f4 13. e4 dxe4 14. Bxe4 Bg4 15.
Qc2 Bxf3 16. Bxf3 fxg3 17. Be4 gxf2+ 18. Qxf2 Qxf2+ 19. Kxf2 f5 20. Bc2 f4 21.
Kf3 Rae8 22. h3 Nf6 23. Nh2 Kg7 24. Ng4 Nxg4 25. hxg4 h6 26. Bf5 Kf7 27. Re4
Rxe4 28. Bxe4 Ke7 29. Re1 Kd8 30. Rh1 Rf6 31. a3 Kc7 32. c4 Bf8 33. d5 a5 34. a4
cxd5 35. cxd5 Rb6 36. Rc1+ Kd6 37. Rc2 Bg7 38. Ke2 Rxb2 39. Rxb2 Bxb2 40. Kd3
Kc5 41. Kd2 b5 42. Kc2 Be5 43. axb5 Kxb5 44. Kb3 a4+ 45. Ka3 Bd6+ 46. Ka2 Kc4
47. Bc2 a3 48. Be4 Kd4 49. Bg2 Ke3 50. Kb3 f3 51. Bf1 Kf2 52. Bd3 Ke1 {White
resigns} 0-1

[Event "Team 45 45 League T89"]
[Site "Internet Chess Club"]
[Date "2021.07.31"]
[Round "4"]
[White "Gojira"]
[Black "ivanson"]
[Result "1/2-1/2"]
[WhiteElo "1549"]
[BlackElo "1574"]
[Opening "Queen's pawn game"]
[ECO "D00"]
[Time "15:01:24"]
[TimeControl "2700+45"]

1. d4 Nf6 2. Nc3 d5 3. Bf4 g6 4. e3 Bg7 5. h4 O-O 6. h5 Nxh5 7. Rxh5 gxh5 8.
Qxh5 Qd7 9. Qh2 Qe6 10. Bd3 h6 11. Nb5 Na6 12. Bxc7 Nb4 13. Bf4 Nxd3+ 14. cxd3
Qg6 15. Nc7 Bf5 16. Nxa8 Rxa8 17. Nf3 Rc8 18. Nh4 Qe6 19. Nxf5 Qxf5 20. Kd2 Rc6
21. Rh1 Qc8 22. Ke2 Qg4+ 23. Kd2 Qc8 24. Ke2 Qg4+ 25. f3 Rc2+ 26. Kf1 Rc1+ 27.
Kf2 Rc2+ {Game drawn by mutual agreement} 1/2-1/2

[Event "Team 45 45 League T89"]
[Site "Internet Chess Club"]
[Date "2021.07.29"]
[Round "4"]
[White "KidRattler"]
[Black "fileman"]
[Result "0-1"]
[WhiteElo "1729"]
[BlackElo "1786"]
[Opening "Queen's pawn: Lundin (Kevitz-Mikenas) defense"]
[ECO "A40"]
[Time "16:18:58"]
[TimeControl "2700+45"]

1. d4 Nc6 2. Nf3 d6 3. Bf4 Nf6 4. h3 Bf5 5. c3 e6 6. Nbd2 Be7 7. e3 O-O 8. Be2
Nd7 9. e4 Bg6 10. Bb5 f6 11. d5 exd5 12. exd5 Nce5 13. Nd4 Re8 14. Ne6 Qc8 15.
Bxe5 fxe5 16. Qa4 Nb6 17. Qg4 c6 18. dxc6 bxc6 19. Be2 Bf6 20. Bf3 Rxe6 21. Bxc6
Rb8 22. a4 Re7 23. Qxc8+ Rxc8 24. Bb5 Be8 25. Ba6 Rd8 26. a5 Nd5 27. O-O-O Nc7
28. Bc4+ d5 29. Ba2 Bf7 30. b4 Nb5 31. Kb2 Rc7 32. Nb1 d4 33. Bxf7+ Kxf7 34.
cxd4 Rxd4 35. Rxd4 exd4 36. Nd2 d3+ 37. Kb3 Rc3+ 38. Ka4 a6 39. Nb3 Rc2 40. Nc5
d2 41. Ne4 Rc1 42. Nxd2 Rxh1 43. Kb3 Rd1 44. Ne4 Rd3+ 45. Kc2 Rd4 46. f3 Rxb4
47. g4 Rxe4 48. fxe4 Bd8 49. Kd3 Bxa5 50. e5 Ke6 51. Ke4 Bc7 52. Kf4 Bxe5+ 53.
Kg5 Nd6 54. h4 a5 55. Kh5 a4 56. g5 a3 57. g6 h6 58. Kg4 a2 59. Kh5 a1=Q 60. Kg4
Qd1+ 61. Kh3 Qf3# {White checkmated} 0-1

[Event "Team 45 45 League T89"]
[Site "Internet Chess Club"]
[Date "2021.08.01"]
[Round "4"]
[White "elmaestro"]
[Black "MathMonkey"]
[Result "0-1"]
[WhiteElo "1620"]
[BlackElo "1597"]
[Opening "KGA: Blachly gambit"]
[ECO "C33"]
[Time "12:27:33"]
[TimeControl "2700+45"]

1. e4 e5 2. f4 exf4 3. Bc4 Nc6 4. Nf3 g5 5. h4 g4 6. Ng5 Ne5 7. O-O h6 8. Nxf7
Nxf7 9. Rxf4 Ne5 10. d4 Nxc4 11. Qxg4 Qe7 12. Nc3 c6 13. e5 b6 14. Qg6+ Kd8 15.
Rf7 Qe8 16. Bf4 Bb4 17. Rf1 Bxc3 18. bxc3 Ba6 19. Rf2 Bb7 20. Bg3 Ne7 21. Qf6
Rg8 22. Bh2 Ne3 23. Qf3 Ng4 24. Rf1 Nxh2 25. Kxh2 Kc8 26. c4 c5 27. d5 Nxd5 28.
cxd5 Qxe5+ 29. Kh1 Bxd5 30. Rf8+ Kc7 31. Rxa8 Bxa8 32. Qf6 Bxg2+ {White resigns}
0-1

[Event "Team 45 45 League T89"]
[Site "Internet Chess Club"]
[Date "2021.07.29"]
[Round "4"]
[White "Demachaeron"]
[Black "Rookmaster"]
[Result "1-0"]
[WhiteElo "1718"]
[BlackElo "1517"]
[Opening "Ruy Lopez: exchange variation"]
[ECO "C68"]
[Time "09:00:09"]
[TimeControl "2700+45"]

1. e4 e5 2. Nf3 Nc6 3. Bb5 a6 4. Bxc6 dxc6 5. b3 Bd6 6. d3 Bg4 7. Nbd2 Nf6 8.
O-O Qe7 9. h3 Bxf3 10. Qxf3 O-O-O 11. Nc4 h6 12. Bb2 Nd7 13. Rfe1 f6 14. Rad1 b5
15. Ne3 g6 16. a4 b4 17. Nc4 Nb6 18. Na5 c5 19. Nc6 Qe6 20. Nxd8 Rxd8 21. Bc1 h5
22. Re3 a5 23. g4 hxg4 24. Qxg4 f5 25. exf5 gxf5 26. Qh5 Rg8+ 27. Rg3 Rxg3+ 28.
fxg3 Nd5 29. Rf1 f4 30. Qg4 Qxg4 31. hxg4 fxg3 32. Kg2 Nf4+ 33. Bxf4 exf4 34.
Rh1 Kd7 35. Rh5 Ke6 36. d4 cxd4 37. Rxa5 c5 38. Kf3 Kd5 39. Rb5 g2 40. Kxg2 Ke4
41. a5 f3+ 42. Kf1 Ke3 43. a6 Kd2 44. a7 Kxc2 45. a8=Q Kxb3 46. Qxf3+ Kc4 47.
Rb7 d3 48. Rd7 d2 49. Rxd6 {Black resigns} 1-0

[Event "Team 45 45 League T89"]
[Site "Internet Chess Club"]
[Date "2021.08.02"]
[Round "4"]
[White "Mitochondria"]
[Black "Kingsacrificed"]
[Result "1/2-1/2"]
[WhiteElo "1510"]
[BlackElo "1465"]
[Opening "Modern defense"]
[ECO "E61"]
[Time "10:01:34"]
[TimeControl "2700+45"]

1. d4 g6 2. c4 d6 3. Nc3 Bg7 4. Nf3 Nf6 5. e3 O-O 6. Be2 b6 7. O-O Bb7 8. b3 c5
9. Bb2 cxd4 10. Nxd4 Nbd7 11. Bf3 Bxf3 12. Nxf3 Ne4 13. Qc2 Nxc3 14. Bxc3 Nf6
15. Rfd1 Qc7 16. Rac1 Rac8 17. Qb2 Rfd8 18. h3 Nh5 19. Nd4 Nf6 20. Ne2 Nh5 21.
Bxg7 Nxg7 22. Nd4 Qb7 23. Nf3 Ne6 24. Rd5 Rc5 25. Rcd1 Rdc8 26. Qe2 b5 27. Rxc5
Rxc5 28. cxb5 Qxb5 29. Qxb5 Rxb5 30. Rc1 Kg7 31. Kf1 Kf6 32. Ke2 a5 33. Rc4 g5
34. Nd2 Nc5 35. Ne4+ Nxe4 36. Rxe4 d5 37. Rd4 e5 38. Rd2 Ke6 39. Rc2 Kd7 40. Kf3
h5 41. Ke2 f5 42. Kd2 g4 43. h4 a4 44. bxa4 Ra5 45. a3 Rxa4 46. Ra2 f4 47. g3
Kc6 48. exf4 exf4 49. Kd3 fxg3 50. fxg3 Kc5 51. Rc2+ Kd6 52. Rc3 Ke5 53. Ke2 d4
54. Rb3 Ke4 55. Kd2 Ra5 56. Kc2 Rc5+ 57. Kd2 Ra5 58. Ke2 Ra4 59. Kd2 Ra5 {Game
drawn by repetition} 1/2-1/2

[Event "Team 45 45 League T89"]
[Site "Internet Chess Club"]
[Date "2021.08.01"]
[Round "4"]
[White "primerpaso"]
[Black "bobhill"]
[Result "1-0"]
[WhiteElo "1885"]
[BlackElo "1872"]
[Opening "English: symmetrical variation"]
[ECO "A38"]
[Time "15:01:00"]
[TimeControl "2700+45"]

1. c4 c5 2. Nc3 Nc6 3. g3 g6 4. Bg2 Bg7 5. Nf3 Nf6 6. d4 cxd4 7. Nxd4 O-O 8. O-O
Nxd4 9. Qxd4 d6 10. Qh4 Rb8 11. Bg5 Be6 12. Nd5 Bxd5 13. cxd5 Re8 14. Qa4 a6 15.
Rac1 h6 16. Be3 Qd7 17. Qxd7 Nxd7 18. Rc7 Nc5 19. b4 Na4 20. Rfc1 h5 21. Bh3 f5
22. Bg5 Kf7 23. e4 Nc3 24. R1xc3 Bxc3 25. Rxc3 Rbc8 26. Rf3 Rc4 27. exf5 Rxb4
28. f6 exf6 29. Rxf6+ Kg7 30. Rxd6 Rf8 31. Rd7+ Kh8 32. Bf4 Re4 33. Rxb7 Re2 34.
Kf1 Rfe8 35. Be6 R2xe6 36. dxe6 Rxe6 37. Be3 Rd6 38. Rb6 Rd1+ 39. Ke2 Rh1 40. h4
Kg7 41. Rxa6 Kf7 42. a4 Ra1 43. a5 Ra2+ 44. Kf3 Ra4 45. Ra8 Ke6 46. a6 g5 47.
Bxg5 Kd7 48. Be3 Kc7 49. a7 Ra6 50. Rh8 Kb7 51. Rxh5 Ra3 52. Rh7+ Ka8 53. Rh8+
Kb7 54. Rb8+ {Black resigns} 1-0

[Event "Team 45 45 League T89"]
[Site "Internet Chess Club"]
[Date "2021.08.02"]
[Round "4"]
[White "CPTsopiens"]
[Black "QuieroAprender"]
[Result "1/2-1/2"]
[WhiteElo "1740"]
[BlackElo "1670"]
[Opening "Ruy Lopez: Wormald (Alapin) attack"]
[ECO "C77"]
[Time "20:09:39"]
[TimeControl "2700+45"]

1. e4 e5 2. Nf3 Nc6 3. Bb5 a6 4. Ba4 Nf6 5. Qe2 b5 6. Bb3 Be7 7. c3 O-O 8. O-O
d5 9. d3 Bb7 10. Rd1 Re8 11. Bg5 d4 12. Nbd2 h6 13. Bh4 Nh5 14. Bxe7 Rxe7 15.
cxd4 Nf4 16. Qe3 Nxd4 17. Nxd4 Qxd4 18. Nf3 Qxb2 19. Qc5 Rae8 20. Rab1 Ne2+ 21.
Kf1 Qc3 22. Qa7 c5 23. Kxe2 Bxe4 24. Qxa6 Bxf3+ 25. gxf3 e4 26. fxe4 c4 27. Bxc4
bxc4 28. f3 Qc2+ 29. Ke3 cxd3 30. Qxd3 Qxa2 31. Rd2 Qa7+ 32. Qd4 Qa3+ 33. Rd3
Qa2 34. Rb2 Qa1 35. Rg2 Qxd4+ 36. Rxd4 f6 37. h4 Re5 38. f4 R5e7 39. Kf3 Ra8 40.
Kg4 g6 41. Rgd2 h5+ 42. Kf3 Ra3+ 43. R2d3 Rxd3+ 44. Rxd3 Kf7 45. Rd5 Ra7 46. Rd3
{Game drawn by mutual agreement} 1/2-1/2

[Event "Team 45 45 League T89"]
[Site "Internet Chess Club"]
[Date "2021.08.02"]
[Round "4"]
[White "ElValero"]
[Black "Beetlejuice"]
[Result "0-1"]
[WhiteElo "1630"]
[BlackElo "1722"]
[Opening "Dutch"]
[ECO "A80"]
[Time "14:00:31"]
[TimeControl "2700+45"]

1. d4 f5 2. Nc3 Nf6 3. Bg5 d5 4. Bxf6 exf6 5. e3 Be6 6. Bd3 Nc6 7. Qf3 Qd7 8. a3
a6 9. Nh3 g5 10. Ng1 h5 11. O-O-O Kf7 12. h4 g4 13. Qg3 Bd6 14. f4 b5 15. Na2
Rhb8 16. Qf2 a5 17. Ne2 b4 18. a4 Ne7 19. b3 Nc8 20. Ng3 Kg6 21. Kd2 Be7 22. Ke2
Nd6 23. Rhe1 Ne4 24. Bxe4 dxe4 25. Kf1 Rb6 26. Kg1 Rd6 27. Rd2 c6 28. Nc1 Bd8
29. Red1 Bb6 30. Nce2 Rd8 31. Kh2 c5 32. Nf1 c4 33. Nc1 Qf7 34. bxc4 Bxc4 35.
Ng3 Qd7 36. Nb3 Qxa4 37. Nc5 Qc6 38. Ncxe4 fxe4 39. f5+ Kf7 40. Qf4 Rh8 41. Nxe4
Rd7 42. Ng3 Bc7 43. Qf2 Qd6 44. e4 Qxg3+ 45. Qxg3 Bxg3+ 46. Kxg3 Rhd8 47. d5 a4
48. Rd4 Rc8 49. Ra1 a3 50. c3 b3 51. Rxa3 b2 52. Rd1 Bd3 {White resigns} 0-1

[Event "Team 45 45 League T89"]
[Site "Internet Chess Club"]
[Date "2021.08.02"]
[Round "4"]
[White "fvafier"]
[Black "Portola"]
[Result "0-1"]
[WhiteElo "1501"]
[BlackElo "1709"]
[Opening "Queen's gambit declined"]
[ECO "D30"]
[Time "09:00:30"]
[TimeControl "2700+45"]

1. d4 d5 2. c4 e6 3. Nf3 Nf6 4. e3 Be7 5. b3 O-O 6. Nbd2 b6 7. Bb2 Bb7 8. Bd3
Nbd7 9. O-O c5 10. cxd5 exd5 11. Rc1 Rc8 12. Re1 Ne4 13. Qe2 Bf6 14. Ne5 Nxd2
15. Qxd2 Re8 16. f4 Nxe5 17. fxe5 Bg5 18. Qf2 Qe7 19. Rc2 cxd4 20. exd4 Rxc2 21.
Bxc2 Bc8 22. Bc1 Be6 23. Be3 Rc8 24. Qd2 Bxe3+ 25. Rxe3 Qc7 26. Bd3 Qc1+ 27.
Qxc1 Rxc1+ 28. Kf2 Rd1 29. a4 Rd2+ 30. Kg3 g6 31. Rf3 h5 32. h3 g5 33. Bf5 Rxd4
34. Bxe6 fxe6 35. Rf6 Rd3+ 36. Rf3 Rxf3+ 37. gxf3 Kf7 38. f4 Kg6 {White resigns}
0-1

[Event "Team 45 45 League T89"]
[Site "Internet Chess Club"]
[Date "2021.08.01"]
[Round "4"]
[White "zugknightly"]
[Black "janh"]
[Result "1-0"]
[WhiteElo "1941"]
[BlackElo "1953"]
[Opening "QGD: Chigorin defense, Janowski variation"]
[ECO "D07"]
[Time "20:05:19"]
[TimeControl "2700+45"]

1. d4 d5 2. c4 Nc6 3. Nc3 dxc4 4. Nf3 Bg4 5. e3 e6 6. Bxc4 Nf6 7. O-O Bb4 8. h3
Bh5 9. Be2 O-O 10. a3 Be7 11. Qb3 Rb8 12. Rd1 Re8 13. g4 Bg6 14. Nh4 Bf8 15.
Nxg6 hxg6 16. Qc2 a6 17. g5 Nd5 18. e4 Nxc3 19. bxc3 Qd7 20. h4 Rbd8 21. Kg2 Nb8
22. Be3 c5 23. h5 gxh5 24. Bxh5 cxd4 25. cxd4 g6 26. Bg4 Bg7 27. Rab1 {Black
resigns} 1-0

[Event "Team 45 45 League T89"]
[Site "Internet Chess Club"]
[Date "2021.07.30"]
[Round "4"]
[White "achessman"]
[Black "KidRattler"]
[Result "1-0"]
[WhiteElo "1864"]
[BlackElo "1718"]
[Opening "English opening: Agincourt variation"]
[ECO "A13"]
[Time "21:11:41"]
[TimeControl "2700+45"]

1. Nf3 d5 2. c4 e6 3. b3 Nf6 4. g3 b6 5. Bg2 Bb7 6. Bb2 Be7 7. O-O O-O 8. e3
Nbd7 9. Qe2 c5 10. Nc3 Re8 11. Rfd1 a6 12. Rac1 Qc7 13. cxd5 Nxd5 14. d4 Rad8
15. dxc5 Nxc3 16. Bxc3 Nxc5 17. b4 Rxd1+ 18. Qxd1 Rd8 19. Bd4 Qd6 20. Qc2 Nd7
21. a3 e5 22. Bb2 Rc8 23. Qb1 Rxc1+ 24. Qxc1 f6 25. Qc4+ Qd5 26. Qxd5+ Bxd5 27.
Nxe5 Nxe5 28. Bxd5+ Kf8 29. Bd4 Bd8 30. Kf1 Ke7 31. Ke2 Bc7 32. f4 Nf7 33. Kd3
Nd6 34. e4 Nb5 35. Bb2 a5 36. a4 Nd6 37. bxa5 bxa5 38. e5 Nc8 39. Bc3 fxe5 40.
fxe5 Nb6 41. Bb3 Nd7 42. e6 Nc5+ 43. Kc4 Nxb3 44. Kxb3 Kxe6 45. Bxg7 Kd5 46. Bc3
h5 47. Bd2 Kd4 48. Bc1 Kd3 49. Bg5 Bb6 50. h3 Bc7 51. g4 hxg4 52. hxg4 Ke4 53.
Kc4 Kf3 54. Bd2 Kxg4 55. Kb5 Kf5 56. Bxa5 Bb8 57. Kc6 Ke6 58. Bb6 Ke7 59. a5 Ke8
60. a6 Ke7 61. Kb7 Be5 62. a7 Kf6 63. a8=Q Kg6 64. Qe8+ Kf5 65. Qf7+ Ke4 66. Bc7
Bc3 67. Qf4+ Kd3 68. Kc6 Kc2 69. Be5 Bd2 70. Qc4+ Kd1 71. Kd5 Bc1 72. Qd3+ Ke1
73. Bg3# {Black checkmated} 1-0

[Event "Team 45 45 League T89"]
[Site "Internet Chess Club"]
[Date "2021.08.05"]
[Round "4"]
[White "vollmerj"]
[Black "primerpaso"]
[Result "0-1"]
[WhiteElo "1478"]
[BlackElo "1888"]
[Opening "English: Neo-Catalan declined"]
[ECO "A07"]
[Time "17:00:49"]
[TimeControl "2700+45"]

1. Nf3 d5 2. g3 Nf6 3. Bg2 e6 4. O-O Be7 5. c4 O-O 6. cxd5 exd5 7. d3 h6 8. Nc3
c6 9. e4 d4 10. Ne2 c5 11. Bf4 Nc6 12. a3 Be6 13. Bd2 Qb6 14. Qc1 Rfc8 15. Nf4
Bb3 16. Qe1 Qb5 17. e5 Nd5 18. e6 Nxf4 19. exf7+ Bxf7 20. Bxf4 Bf6 21. Qd2 Na5
22. a4 Qb6 23. Qe2 Re8 24. Qd1 Rac8 25. Re1 Qxb2 26. Rxe8+ Rxe8 27. Rb1 Qe2 28.
Bc7 b6 29. Nd2 Qxd3 30. Bf1 Qf5 31. Bb5 Re7 32. Bd6 Re6 33. Bd7 Qd5 34. Bxe6
Bxe6 35. Bb8 Nc6 36. Bc7 Qd7 37. Bf4 g5 38. Qh5 Kg7 39. Bxg5 Bxg5 40. Qe2 Bd5
41. f4 Bf6 42. Ne4 Qe6 43. Re1 Bxe4 44. Qxe4 Qxe4 45. Rxe4 c4 46. g4 c3 47. Re6
Nb4 48. g5 hxg5 49. fxg5 Bxg5 50. Re5 Be3+ 51. Kf1 c2 52. Re7+ Kf6 53. Rc7 c1=Q+
54. Rxc1 Bxc1 55. Ke2 d3+ 56. Kd1 Bf4 57. h4 Nd5 58. h5 Nc3+ 59. Ke1 d2+ 60. Kf2
d1=Q 61. a5 Qe2+ 62. Kg1 Bg3 63. h6 Qf2+ 64. Kh1 Qh2# {White checkmated} 0-1

[Event "Team 45 45 League T89"]
[Site "Internet Chess Club"]
[Date "2021.07.29"]
[Round "4"]
[White "Portola"]
[Black "fireball"]
[Result "1-0"]
[WhiteElo "1701"]
[BlackElo "1544"]
[Opening "Queen's pawn game"]
[ECO "A46"]
[Time "17:01:24"]
[TimeControl "2700+45"]

1. d4 Nf6 2. Nf3 c5 3. e3 d5 4. c3 Nc6 5. Bd3 Bg4 6. Nbd2 cxd4 7. exd4 e6 8. Qc2
Bd6 9. O-O Qc7 10. b3 Bh5 11. h3 Bg6 12. Bb2 O-O 13. a3 a5 14. Bxg6 hxg6 15.
Rfe1 b5 16. Qd3 b4 17. cxb4 axb4 18. a4 Qb6 19. Rac1 Rfc8 20. Rc2 Rc7 21. Rec1
Rac8 22. g4 Na5 23. Rxc7 Rxc7 24. Rxc7 Bxc7 25. Ne5 Bxe5 26. dxe5 Ne4 27. Bd4
Qc6 28. Nf3 Nc5 29. Bxc5 Qxc5 30. Nd4 Kf8 31. Kg2 Nc6 32. Nf3 Qc3 33. Qa6 Nxe5
34. Qd6+ Kg8 35. Qxe5 Qxb3 36. Qb8+ Kh7 37. Ng5+ Kh6 38. Nxf7+ Kh7 39. Qh8#
{Black checkmated} 1-0

[Event "Team 45 45 League T89"]
[Site "Internet Chess Club"]
[Date "2021.08.01"]
[Round "4"]
[White "MacroPawn"]
[Black "Sloggi"]
[Result "1/2-1/2"]
[WhiteElo "1799"]
[BlackElo "1922"]
[Opening "English: Caro-Kann defensive system"]
[ECO "A11"]
[Time "22:02:06"]
[TimeControl "2700+45"]

1. c4 c6 2. g3 d5 3. Bg2 Nf6 4. Nf3 Bg4 5. cxd5 cxd5 6. Ne5 Be6 7. Qa4+ Nbd7 8.
O-O g6 9. d4 Bg7 10. Qb3 Qb6 11. Qxb6 Nxb6 12. Nc3 Rc8 13. f3 O-O 14. Bd2 Rfd8
15. Rac1 a6 16. b3 Nfd7 17. Nxd7 Rxd7 18. e3 Rdc7 19. Rf2 Bd7 20. f4 e6 21. Bf1
h5 22. Bd3 f5 23. Be1 Bf8 24. Rfc2 Ba3 25. Rb1 Bb4 26. Rbc1 Ba3 27. Rb1 Bb4 28.
Rbc1 Ba3 {Game drawn by repetition} 1/2-1/2

[Event "Team 45 45 League T89"]
[Site "Internet Chess Club"]
[Date "2021.08.02"]
[Round "4"]
[White "Tufnell"]
[Black "DeepPoo"]
[Result "1-0"]
[WhiteElo "1894"]
[BlackElo "1742"]
[Opening "French: Tarrasch, closed variation, main line"]
[ECO "C06"]
[Time "14:01:36"]
[TimeControl "2700+45"]

1. e4 e6 2. d4 d5 3. Nd2 Nf6 4. e5 Nfd7 5. c3 c5 6. Bd3 Nc6 7. Ne2 cxd4 8. cxd4
Bb4 9. O-O Bxd2 10. Bxd2 f6 11. exf6 Nxf6 12. Rc1 Bd7 13. Be3 O-O 14. h3 e5 15.
dxe5 Nxe5 16. Bb1 Bc6 17. Bd4 Nfd7 18. Ng3 Qg5 19. Qh5 Qxh5 20. Nxh5 g6 21. Ng3
Rae8 22. Rfe1 a6 23. Nf1 Rf4 24. Red1 Nc4 25. b3 Nd6 26. Ne3 Nb5 27. Nc2 Re2 28.
Be3 Rf8 29. Nd4 Nxd4 30. Bxd4 Rfe8 31. Be3 R2xe3 32. fxe3 Rxe3 33. Re1 Rg3 34.
Kf2 Rg5 35. h4 Rg4 36. g3 Kf7 37. Bd3 Nf6 38. Rcd1 Nh5 39. Be2 Rb4 40. Bxh5 gxh5
41. Re5 Kg6 42. Rg5+ Kh6 43. Re1 Bd7 44. Rxd5 Bg4 45. Rd6+ Kg7 46. Re7+ Kg8 47.
Rd8# {Black checkmated} 1-0

[Event "Team 45 45 League T89"]
[Site "Internet Chess Club"]
[Date "2021.07.29"]
[Round "4"]
[White "ascoli"]
[Black "room-matt"]
[Result "0-1"]
[WhiteElo "1615"]
[BlackElo "1807"]
[Opening "Réti opening"]
[ECO "A05"]
[Time "11:01:44"]
[TimeControl "2700+45"]

1. Nf3 Nf6 2. g3 c5 3. Bg2 d5 4. O-O g6 5. d3 Bg7 6. c4 dxc4 7. Qa4+ Nbd7 8.
Qxc4 O-O 9. Be3 b6 10. Nc3 Bb7 11. b4 Bxf3 12. Bxf3 Ne5 13. Qb3 Nxf3+ 14. exf3
cxb4 15. Nb5 Ne8 16. Rac1 a6 17. Nd4 Bxd4 18. Bxd4 Qxd4 {White resigns} 0-1

[Event "Team 45 45 League T89"]
[Site "Internet Chess Club"]
[Date "2021.07.31"]
[Round "4"]
[White "fhunfi"]
[Black "GrandUnified"]
[Result "1/2-1/2"]
[WhiteElo "1795"]
[BlackElo "1612"]
[Opening "French defense"]
[ECO "C01"]
[Time "19:30:21"]
[TimeControl "2700+45"]

1. e4 e6 2. d4 b6 3. Bd3 Bb7 4. Qe2 Nf6 5. f4 d6 6. Nf3 Nbd7 7. O-O Be7 8. c4
O-O 9. Nc3 h6 10. h3 Nh5 11. Qf2 f5 12. exf5 exf5 13. Bd2 Qe8 14. Rae1 Qf7 15.
d5 Nc5 16. Bc2 a5 17. Nd4 Rae8 18. Bxf5 Bc8 19. Bc2 Bf6 20. Ncb5 Rxe1 21. Rxe1
Nxf4 22. Bxf4 Be5 23. Be3 Qe7 24. Qd2 Qh4 25. Nf3 Rxf3 26. gxf3 Qg3+ 27. Kh1
Qxh3+ 28. Kg1 Qg3+ 29. Kh1 Qh3+ 30. Kg1 Qg3+ 31. Kh1 Qh3+ 32. Kg1 {Game drawn by
repetition} 1/2-1/2

[Event "Team 45 45 League T89"]
[Site "Internet Chess Club"]
[Date "2021.07.29"]
[Round "4"]
[White "filmdirector"]
[Black "jaboti"]
[Result "0-1"]
[WhiteElo "1599"]
[BlackElo "1640"]
[Opening "French: exchange variation"]
[ECO "C01"]
[Time "17:00:19"]
[TimeControl "2700+45"]

1. e4 e6 2. d4 d5 3. exd5 exd5 4. Bf4 Bd6 5. Qd2 Nf6 6. Nc3 O-O 7. Bd3 c6 8.
Nge2 Re8 9. O-O Be6 10. Ng3 Bxf4 11. Qxf4 Nbd7 12. Rae1 Rc8 13. Nce2 Qc7 14. Qh4
Nf8 15. Nf4 Bd7 16. Ngh5 Nxh5 17. Nxh5 Rxe1 18. Rxe1 Ng6 19. Qg5 Re8 20. Rxe8+
Bxe8 21. Qe3 Qc8 22. Bxg6 hxg6 23. Nf4 g5 24. Ne2 f6 25. Ng3 Bg6 26. c3 Kf7 27.
h3 Qe6 28. Kf1 Qxe3 29. fxe3 Ke6 30. Ke2 Bb1 31. a3 Bc2 32. Kf3 Bb1 33. e4 b5
34. exd5+ Kxd5 35. Ke3 Kc4 36. Kd2 Kb3 37. Kc1 Bd3 38. Nh5 Bf1 39. g3 Bxh3 40.
Nxg7 Bd7 41. Nh5 f5 42. Nf6 Be6 43. Nh5 a5 44. Nf6 Kc4 45. Kc2 a4 46. Kd2 Kb3
47. Kc1 Ka2 48. Kc2 Bd5 49. Nd7 f4 50. gxf4 g4 51. Kd2 Kxb2 52. f5 g3 53. Ke3 g2
54. Kf2 Kxa3 55. f6 Kb3 56. Ne5 a3 57. Nxc6 a2 58. Nb4 a1=Q 59. Nxd5 g1=Q+ 60.
Kf3 Qh1+ 61. Kf4 Qxd5 62. Kg4 Qf1 63. Kg3 Qdg2+ 64. Kh4 Qfh1# {White checkmated}
0-1

[Event "Team 45 45 League T89"]
[Site "Internet Chess Club"]
[Date "2021.08.01"]
[Round "4"]
[White "gduranko"]
[Black "fvafier"]
[Result "0-1"]
[WhiteElo "1398"]
[BlackElo "1509"]
[Opening "French defense"]
[ECO "C11"]
[Time "10:01:21"]
[TimeControl "2700+45"]

1. e4 e6 2. d4 d5 3. Nc3 Nf6 4. Bg5 h6 5. Bxf6 gxf6 6. Qf3 dxe4 7. Qxe4 c6 8.
O-O-O Qe7 9. f4 b6 10. g3 Bb7 11. Bg2 Nd7 12. f5 e5 13. Nf3 Bg7 14. Rhe1 O-O 15.
g4 Rfe8 16. h4 Rad8 17. Bf1 b5 18. Qe3 Nb6 19. b3 b4 20. Ne4 Nd5 21. Qg1 Nc3 22.
Rd3 Nxe4 23. Rxe4 c5 24. g5 Bxe4 25. gxh6 Qf8 26. hxg7 Qxg7 27. Qxg7+ Kxg7 28.
Re3 Bxf5 29. dxc5 Rc8 30. Bb5 Re7 31. c6 Rec7 32. Re2 Rd8 33. Rf2 Bg6 34. Rg2
Kf8 35. Nd2 Ke7 36. Re2 Rd4 37. Rh2 Bh5 38. Nc4 Bf3 39. Na5 Rd1+ 40. Kb2 Rh1 41.
Rf2 e4 42. Rd2 Rxh4 43. Rd7+ Rxd7 44. cxd7 Rh8 45. Nb7 e3 46. d8=Q+ Rxd8 47.
Nxd8 Kxd8 48. Kc1 f5 49. Bc4 f6 {White resigns} 0-1

[Event "Team 45 45 League T89"]
[Site "Internet Chess Club"]
[Date "2021.07.29"]
[Round "4"]
[White "Denis240964"]
[Black "RD1974"]
[Result "1/2-1/2"]
[WhiteElo "1450"]
[BlackElo "1532"]
[Opening "Sicilian defense"]
[ECO "B40"]
[Time "18:12:14"]
[TimeControl "2700+45"]

1. e4 c5 2. Nf3 e6 3. Nc3 Nc6 4. d3 a6 5. g3 Nf6 6. Bg2 d5 7. exd5 Nxd5 8. Ne4
Be7 9. O-O h6 10. Be3 b6 11. Qe2 Bb7 12. Rfd1 Rb8 13. Rac1 O-O 14. d4 Qc7 15.
dxc5 b5 16. b3 f5 17. Nd6 Nc3 18. Qd2 Nxd1 19. Rxd1 Bf6 20. Bf4 e5 21. Qd5+ Kh7
22. Bxe5 Bxe5 23. Nxe5 Ne7 24. Qd4 Bxg2 25. Kxg2 Nc6 26. Qe3 Nxe5 27. Qxe5 Qc6+
28. Kg1 Rbd8 29. Re1 Qd7 30. b4 Rf6 31. f4 Rdf8 32. Qd5 h5 33. Rd1 Qe7 34. Qd4
Qe2 35. Rd2 Qe1+ 36. Kg2 Re6 37. Qd3 g6 38. Rf2 Qa1 39. c6 Qg7 40. Qd5 Re7 41.
Rd2 Rc7 42. c4 bxc4 43. Nxc4 Qe7 44. a3 Kh6 45. Ne5 Rf6 46. Qg8 Qg7 47. Qxg7+
Rxg7 48. Rd7 Rxc6 49. Rd2 Rc3 50. Ra2 Rgc7 51. Kh3 Rc2 52. Ra1 Re2 53. a4 Rcc2
54. Rh1 Rb2 55. Nd3 Rbd2 56. Nc5 Ra2 57. a5 g5 58. fxg5+ Kxg5 59. Nxa6 {Game
drawn by mutual agreement} 1/2-1/2